 Dungeon Crawl Stone Soup version 0.25.1-11-g244df3a29b (webtiles) character file.

Game seed: 2390087571505296165

3912 tkbsonic5 the Fighter (level 10, -8/80 HPs)
             Began as a Demonspawn Berserker on Dec 2, 2022.
             Was a High Priest of Trog.
             Mangled by an eight-headed hydra (9 damage)
             ... on level 1 of the Lair of Beasts.
             The game lasted 00:28:12 (9090 turns).

tkbsonic5 the Fighter (Demonspawn Berserker)        Turns: 9090, Time: 00:28:13

Health: -8/80      AC: 14    Str: 20    XL:     10   Next: 1%
Magic:  22/22      EV:  9    Int:  8    God:    Trog [*****.]
Gold:   131        SH:  0    Dex: 18    Spells: 9/9 levels left

rFire    + . .     SeeInvis .   v - +1 trident of Floral Defiance {flame, rF+ Dex+4}
rCold    . . .     Gourm    .   (no shield)
rNeg     . . .     Faith    +   A - +0 chain mail
rPois    .         Spirit   .   (helmet restricted)
rElec    .         Reflect  .   l - +2 cloak
rCorr    .         Harm     .   (no gloves)
MR       ++...                  (no boots)
Stlth    +.........             h - amulet of faith
HPRegen  1.23/turn              i - ring of magical power
MPRegen  0.18/turn              (no ring)

@: regenerating
A: horns 2, slimy green scales 1, nightstalker 2
a: Berserk, Trog's Hand, Brothers in Arms, Renounce Religion


You were on level 1 of the Lair of Beasts.
You worshipped Trog.
Trog was extremely pleased with you.
You were full.

You visited 2 branches of the dungeon, and saw 10 of its levels.

You collected 482 gold pieces.
You spent 351 gold pieces at shops.

Inventory:

Hand Weapons
 b - a +4 long sword of electrocution
 j - the +6 battleaxe "Seatal" {vorpal, rElec MR- Str+3 Int+4}
   (You found it on level 8 of the Dungeon)

   It inflicts extra damage upon your enemies.
   It affects your strength (+3).
   It affects your intelligence (+4).
   It insulates you from electricity.
   It affects your resistance to hostile enchantments.
 u - a +0 trident of protection
 v - the +1 trident of Floral Defiance (weapon) {flame, rF+ Dex+4}
   (You found it on level 6 of the Dungeon)

   It has been specially enchanted to burn those struck by it, causing extra
   injury to most foes and up to half again as much damage against particularly
   susceptible opponents.
   It affects your dexterity (+4).
   It protects you from fire.
Missiles
 g - 14 boomerangs
 o - 32 poisoned darts
 q - 56 bolts
 G - 2 javelins (quivered)
Armour
 l - a +2 cloak (worn)
 A - a +0 chain mail (worn)
 F - a +0 kite shield
Jewellery
 a - an uncursed ring of poison resistance {unknown}
 h - an amulet of faith (around neck)
 i - a ring of magical power (left hand)
 r - an uncursed ring of see invisible {unknown}
 x - an uncursed amulet of regeneration
Wands
 m - a wand of digging (9)
 t - a wand of iceblast (3)
 z - a wand of flame (34)
 K - a wand of random effects (18)
Scrolls
 e - a scroll of teleportation
 k - a scroll of magic mapping {unknown}
 n - 3 scrolls of amnesia
 D - 2 scrolls of silence
Potions
 d - 3 potions of brilliance
 f - a potion of magic
 s - a potion of curing
 C - 2 potions of flight
 E - 2 potions of ambrosia
 H - a potion of might {unknown}
 I - a potion of invisibility
Comestibles
 c - 14 rations
 p - 5 chunks of flesh


   Skills:
 * Level 8.3 Fighting
 - Level 5.5 Long Blades
 * Level 3.7(4.2) Axes
 - Level 3.0(3.9) Polearms
 + Level 4.7 Throwing
 + Level 3.8 Armour
 + Level 3.2 Dodging
 - Level 3.6 Shields
 + Level 4.0 Evocations


You had 9 spell levels left.
You didn't know any spells.
Your spell library was empty.

Dungeon Overview and Level Annotations

Branches:
Dungeon (9/15)             Temple (0/1) D:5            Lair (1/6) D:9
    Orc: D:9-12

Altars:
Cheibriados
Gozag
Kikubaaqudgha
Ru
Trog
Uskayaw
Zin

Shops:
D:6 :   D:9 *


Innate Abilities, Weirdness & Mutations

You have a pair of horns on your head.
You are partially covered in slimy green scales. (AC +2)
You are significantly more attuned to the shadows.


Message History

You feel quite a bit less full.
A crocodile comes into view.
The eight-headed hydra barely misses you.
The eight-headed hydra bites you but does no damage. x2
The eight-headed hydra bites you.
The eight-headed hydra bites you but does no damage.
The eight-headed hydra barely misses you.
The eight-headed hydra bites you but does no damage. x2
Your ogre goes berserk!
You feel somewhat less full. The eight-headed hydra bites you.
The eight-headed hydra closely misses you.
The eight-headed hydra bites you. The eight-headed hydra bites you!
* * * LOW HITPOINT WARNING * * *
The eight-headed hydra bites you!
* * * LOW HITPOINT WARNING * * *
The eight-headed hydra bites you!
* * * LOW HITPOINT WARNING * * *
The eight-headed hydra bites you but does no damage.
The eight-headed hydra bites you!
You die...

.## ####...
#.#.... ##......
#.....#.
####.D..#t.
###....@O.... .
#.#.........# ...
#....#......P.
#..
##............
..##.
###..#..^.......
....#
#....#..รท.#.....
#....
#...............
.....
#........#..###
.....
#....(...#.##
.....


You could see an eight-headed hydra, a crocodile and a friendly ogre (summoned,
berserk).

Vanquished Creatures
  A wyvern (D:8)
  5 yaks (D:9)
  3 wargs (D:9)
  2 water moccasins (Lair:1)
  A porcupine (Lair:1)
  An orc warrior (D:9)
  An ice beast (D:9)
  2 sky beasts
  2 ogres
  A phantom (D:8)
  2 crocodiles (Lair:1)
  2 big kobolds
  Blork the orc (D:6)
  4 bullfrogs
  2 scorpions
  3 howler monkeys
  A crimson imp (D:6)
  3 bullfrog skeletons
  A jelly (D:8)
  4 hounds
  A centaur skeleton (D:9)
  6 orc priests
  An iguana (D:6)
  10 orc wizards
  4 worker ants
  5 adders
  A shadow imp (D:6)
  3 oozes
  An adder zombie (D:6)
  An adder skeleton (D:9)
  4 worms
  2 dart slugs
  2 leopard geckos
  13 orcs
  A ball python (D:6)
  4 giant cockroaches
  9 goblins
  10 hobgoblins
  4 jackals (D:2)
  6 quokkas
  7 bats
  7 frilled lizards
  11 kobolds
  2 quokka zombies
  12 rats
169 creatures vanquished.

Notes
Turn   | Place    | Note
-------+----------+-------------------------------------------
     0 | D:1      | tkbsonic5 the Demonspawn Berserker began the quest for the
                  | Orb.
     0 | D:1      | Reached XP level 1. HP: 18/18 MP: 1/1
   544 | D:1      | Gained mutation: You have a pair of small horns on your
                  | head. [demonic ancestry]
   544 | D:1      | Reached XP level 2. HP: 22/24 MP: 2/2
  1092 | D:2      | Reached XP level 3. HP: 29/29 MP: 3/3
  1105 | D:2      | Reached ** piety under Trog
  1115 | D:2      | Reached skill level 1 in Throwing
  2027 | D:2      | Gained mutation: You are partially covered in slimy green
                  | scales. (AC +2) [demonic ancestry]
  2027 | D:2      | Reached XP level 4. HP: 37/37 MP: 4/4
  2143 | D:2      | You fall into a shaft and drop 1 floor!
  2303 | D:3      | Found a snail-covered altar of Cheibriados.
  2311 | D:3      | Found a glowing silver altar of Zin.
  2312 | D:3      | Found an ancient bone altar of Kikubaaqudgha.
  2337 | D:3      | Reached *** piety under Trog
  2417 | D:3      | You fall into a shaft and drop 3 floors!
  2417 | D:6      | Found a sacrificial altar of Ru.
  2422 | D:6      | Reached skill level 4 in Fighting
  2422 | D:6      | Reached skill level 1 in Shields
  2426 | D:6      | Gained mutation: You have a pair of horns on your head.
                  | [demonic ancestry]
  2426 | D:6      | Reached XP level 5. HP: 42/42 MP: 5/5
  2596 | D:6      | Noticed a sky beast
  2615 | D:6      | Killed a sky beast
  2824 | D:6      | Gained mutation: You are slightly more attuned to the
                  | shadows. [demonic ancestry]
  2824 | D:6      | Reached XP level 6. HP: 36/49 MP: 6/6
  2921 | D:6      | Noticed Blork the orc
  2934 | D:5      | Entered Level 5 of the Dungeon
  3030 | D:5      | Found a hide-covered altar of Uskayaw.
  3291 | D:4      | Reached skill level 5 in Fighting
  3998 | D:5      | Gained mutation: You are significantly more attuned to the
                  | shadows. [demonic ancestry]
  3998 | D:5      | Reached XP level 7. HP: 53/56 MP: 7/7
  4328 | D:5      | Reached skill level 5 in Long Blades
  4382 | D:5      | Found a staircase to the Ecumenical Temple.
  4987 | D:6      | Noticed a moth of wrath
  4990 | D:6      | Found a bloodstained altar of Trog.
  5013 | D:6      | Got a dazzling trident
  5014 | D:6      | Identified the cursed +1 trident of Floral Defiance {flame,
                  | rF+ Dex+4} (You found it on level 6 of the Dungeon)
  5175 | D:6      | Found Doucum's Book Boutique.
  5190 | D:6      | Killed Blork the orc
  5190 | D:6      | Reached **** piety under Trog
  5312 | D:6      | Reached skill level 1 in Polearms
  5312 | D:6      | Reached skill level 1 in Evocations
  5974 | D:7      | Reached skill level 6 in Fighting
  5974 | D:7      | Reached XP level 8. HP: 64/64 MP: 9/9
  6786 | D:8      | Got an ichor-stained battleaxe
  7217 | D:8      | Identified the +6 battleaxe "Seatal" {vorpal, rElec MR-
                  | Str+3 Int+4} (You found it on level 8 of the Dungeon)
  7240 | D:9      | Reached skill level 7 in Fighting
  7453 | D:9      | Reached XP level 9. HP: 68/72 MP: 11/11
  7464 | D:9      | Reached ***** piety under Trog
  7521 | D:9      | Reached skill level 1 in Axes
  7766 | D:9      | Found Iloyh's Assorted Antiques.
  7772 | D:9      | Bought a potion of heal wounds for 135 gold pieces
  7772 | D:9      | Bought a fluorescent wand for 108 gold pieces
  7772 | D:9      | Bought 2 scrolls of identify for 108 gold pieces
  7883 | D:9      | Found a staircase to the Lair.
  7890 | D:9      | Reached skill level 8 in Fighting
  8136 | D:9      | Found an opulent altar of Gozag.
  8603 | Lair:1   | Entered Level 1 of the Lair of Beasts
  9065 | Lair:1   | Reached XP level 10. HP: 80/80 MP: 13/13
  9080 | Lair:1   | Noticed an eight-headed hydra
  9090 | Lair:1   | HP: 1/80 [eight-headed hydra (9)]
  9090 | Lair:1   | Mangled by an eight-headed hydra

Illustrated notes

Levels and vault maps discovered:
D:1:      wander_arrival_estate, layout_basic
D:2:      layout_loops_corners, first_ration
D:3:      layout_rooms, kennysheep_slug_shrine, led_sif_book,
          gammafunk_temple_overflow_statue
D:4:      layout_basic, st_stairs_1
D:5:      layout_basic, minmay_temple_entry_tees, basic_altar
D:6:      layout_rooms, nicolae_ru_great_annihilating_truth, serial_shops,
          nicolae_shop_crystal, tgw_trog, uniq_blork_the_orc
D:7:      layout_cave_pods, enter_bailey_6
D:8:      layout_loops_ring, blue_anna_alchemist [blue_anna_fruit_fields,
          blue_anna_fruit_fields]
D:9:      layout_loops_corners, nicolae_gozag_seed_capital,
          erik_lair_orcish_takeover, serial_shops,
          nicolae_shop_temple_entry_statues_fountains
Lair:1:   layout_cave_shapes

Skill      XL: |  1  2  3  4  5  6  7  8  9 |
---------------+----------------------------+-----
Long Blades    | 3 4 5 |  5.5
Throwing       | 1 2 3 4 |  4.7
Fighting       | 4 5 6 7 8 |  8.3
Shields        | 1 2 3 |  3.6
Polearms       | 1 3 |  3.0
Evocations     | 1 2 4 |  4.0
Armour         | 2 3 |  3.8
Axes           | 3 |  3.7
Dodging        | 3 |  3.2

Action                   |  1- 3 |  4- 6 |  7- 9 | 10-12 || total
-------------------------+-------+-------+-------+-------++-------
Melee: Falchion          |   115 |   110 |    36 |       ||   261
       Headbutt          |    20 |    23 |    35 |       ||    78
       Trident           |       |       |    65 |     1 ||    66
       Long sword        |       |       |    18 |       ||    18
       Battleaxe         |       |       |    75 |       ||    75
Throw: Boomerang         |       |    25 |     4 |       ||    29
       Dart              |       |    14 |    17 |       ||    31
       Javelin           |       |       |    23 |       ||    23
Invok: Berserk           |       |     3 |     1 |       ||     4
       Trog's Hand       |       |     1 |     1 |     1 ||     3
       Brothers in Arms  |       |       |       |     1 ||     1
Evoke: Wand              |       |       |     4 |     4 ||     8
  Use: Potion            |     2 |     5 |     1 |     1 ||     9
       Scroll            |     3 |     3 |    16 |       ||    22
 Stab: Sleeping          |       |       |     2 |       ||     2
  Eat: Chunk             |     4 |     8 |     7 |       ||    19
       Ration            |       |       |     5 |       ||     5
Armor: Animal skin       |     5 |       |       |       ||     5
       Ring mail         |    33 |    48 |    14 |       ||    95
       Chain mail        |       |       |    73 |    19 ||    92
Dodge: Dodged            |    67 |    50 |    72 |    12 ||   201
Block: Buckler           |    10 |    18 |     9 |       ||    37
       Kite shield       |       |       |    11 |       ||    11
       Rpst.: Falchion   |    37 |    16 |     5 |       ||    58
